 Dungeon Sprint DCSS version 0.22.1-1-ga44c0e5 (webtiles) character file.

735 Lauz the Carver (level 7, -3/59 HPs)
             Began as a Demonspawn Gladiator on Nov 8, 2018.
             Was a Follower of Okawaru.
             Slain by a chaos spawn (10 damage)
             ... summoned by a kobold demonologist
             ... in the Dungeon (Sprint I: "Red Sonja").
             The game lasted 00:03:20 (1077 turns).

Lauz the Carver (Demonspawn Gladiator)              Turns: 1077, Time: 00:03:20

Health: -3/59      AC:  6    Str: 17    XL:     7   Next: 45%
Magic:  7/7        EV: 17    Int:  9    God:    Okawaru [*.....]
Gold:   422        SH:  5    Dex: 14    Spells: 6/6 levels left

rFire    . . .     SeeInvis .   a - +0 long sword
rCold    . . .     Gourm    .   d - +0 buckler
rNeg     . . .     Faith    .   b - +0 leather armour
rPois    .         Spirit   .   (helmet restricted)
rElec    .         Reflect  .   (no cloak)
rCorr    .         Harm     .   (no gloves)
MR       .....     NoTele   +   (no boots)
Stlth    ++........             (no amulet)
HPRegen  0.19/turn              (no ring)
MPRegen  0.10/turn              (no ring)

@: slowed, very slow
A: horns 2, slimy green scales 2, powered by death 1
a: Heroism, Renounce Religion


You were in the Dungeon.
You worshipped Okawaru.
Okawaru was aware of your devotion.
You were hungry.

You visited 1 branch You collected 422 gold pieces.

Inventory:

Hand Weapons
 a - a +0 long sword (weapon)
Armour
 b - a +0 leather armour (worn)
 c - a +0 helmet
 d - a +0 buckler (worn)
Scrolls
 k - a scroll of blinking
Potions
 e - a potion of curing
 g - a potion of heal wounds
 h - a potion of haste
 i - 2 potions of magic
 j - a potion of berserk rage
Comestibles
 f - a ration


   Skills:
 + Level 6.5 Fighting
 + Level 10.6 Long Blades
 - Level 2.4 Throwing
 - Level 1.9 Armour
 + Level 8.6 Dodging
 - Level 1.2 Stealth
 * Level 3.0 Shields


You had 6 spell levels left.
You didn't know any spells.
Your spell library was empty.

Dungeon Overview and Level Annotations

Branches:
Dungeon (1/1)

Altars:
Cheibriados
Dithmenos
Elyvilon
Fedhas
Gozag
Hepliaklqana
Kikubaaqudgha
Makhleb
Nemelex Xobeh
Okawaru
Qazlal
Ru
Sif Muna
Trog
Uskayaw
Vehumet
Wu Jian
Xom
Yredelemnul
Zin
The Shining One
Jiyva
Lugonu

Shops:
D !


Innate Abilities, Weirdness & Mutations

You have a pair of horns on your head.
You are mostly covered in slimy green scales. (AC +3)
You regenerate a little health from kills.


Message History

The kobold demonologist is severely wounded.
The kobold demonologist closely misses you.
The chaos spawn gores you.
* * * LOW HITPOINT WARNING * * *
The chaos spawn shocks you!
* * * LOW HITPOINT WARNING * * *
You hit the kobold demonologist.
Your headbutt misses the kobold demonologist.
The kobold demonologist is almost dead.
The shadow imp shouts, "Back with thee, thou obnoxious kobold-kissing The kobold demonologist gestures wildly while chanting.
The kobold demonologist mumbles some strange words.
The chaos spawn hits you.
* * * LOW HITPOINT WARNING * * *
You feel yourself slow down.
You hit the kobold demonologist but do no damage.
The kobold demonologist is almost dead.
The kobold demonologist hits you but does no damage.
The chaos spawn gores you!
You die...

#####################
.'..#.)'..#__#.5@455#
.#).'..#..'..'..#K35#
###'#####'#__####K55+
##..#...#)#### ####
_####..##.#
____##'#_.+
.∩...'..._#
..__##_.#'#
____###+#.#


You could see a soul eater, 2 kobold demonologists, a chaos spawn, a white imp,
4 shadow imps and an ufetubus.

Vanquished Creatures
  A slime creature (D)
  Sigmund (D)
  A yak (D)
  A floating eye (D)
  An ogre (D)
  A jelly (D)
  Ijyb (D)
7 creatures vanquished.

Vanquished Creatures (others)
  A gargoyle (D)
1 creature vanquished.

Grand Total: 8 creatures vanquished

Notes
Turn   | Place    | Note
-------+----------+-------------------------------------------
     0 | D        | Lauz the Demonspawn Gladiator began the quest for the Orb.
     0 | D        | Reached XP level 1. HP: 16/16 MP: 1/1
     1 | D        | Noticed Ijyb
    18 | D        | Killed Ijyb
    18 | D        | Reached skill level 4 in Long Blades
    18 | D        | Gained mutation: You have a pair of small horns on your
                  | head. [demonic ancestry]
    18 | D        | Reached XP level 2. HP: 13/23 MP: 2/2
    77 | D        | Killed a gargoyle
   161 | D        | Noticed an ogre
   171 | D        | Killed an ogre
   171 | D        | Reached skill level 6 in Long Blades
   171 | D        | Reached skill level 5 in Dodging
   171 | D        | Gained mutation: You are partially covered in slimy green
                  | scales. (AC +2) [demonic ancestry]
   171 | D        | Reached XP level 3. HP: 8/29 MP: 3/3
   171 | D        | Gained mutation: You are mostly covered in slimy green
                  | scales. (AC +3) [demonic ancestry]
   171 | D        | Reached XP level 4. HP: 10/35 MP: 4/4
   404 | D        | Noticed Sigmund
   432 | D        | Killed Sigmund
   432 | D        | Reached skill level 8 in Long Blades
   432 | D        | Reached skill level 1 in Armour
   432 | D        | Reached XP level 5. HP: 10/43 MP: 5/5
   432 | D        | Gained mutation: You regenerate a little health from kills.
                  | [demonic ancestry]
   432 | D        | Reached XP level 6. HP: 11/50 MP: 6/6
   682 | D        | Found a deep blue altar of Sif Muna.
   683 | D        | Found an ornate altar of the Wu Jian Council.
   684 | D        | Found a radiant altar of Vehumet.
   686 | D        | Reached skill level 5 in Fighting
   705 | D        | Found Onkaci's Distillery.
   705 | D        | Found an ancient bone altar of Kikubaaqudgha.
   705 | D        | Found a hazy altar of Hepliaklqana.
   705 | D        | Found a hide-covered altar of Uskayaw.
   705 | D        | Found a basalt altar of Yredelemnul.
   705 | D        | Found an opulent altar of Gozag.
   705 | D        | Found a snail-covered altar of Cheibriados.
   705 | D        | Found a sacrificial altar of Ru.
   705 | D        | Found a shadowy altar of Dithmenos.
   705 | D        | Noticed a yak
   706 | D        | Found a stormy altar of Qazlal.
   706 | D        | Found a blossoming altar of Fedhas.
   706 | D        | Found a bloodstained altar of Trog.
   706 | D        | Found an iron altar of Okawaru.
   706 | D        | Found a glowing golden altar of the Shining One.
   706 | D        | Found a glowing silver altar of Zin.
   706 | D        | Found a white marble altar of Elyvilon.
   717 | D        | Killed a yak
   717 | D        | Reached skill level 9 in Long Blades
   717 | D        | Reached skill level 1 in Stealth
   723 | D        | Found a sparkling altar of Nemelex Xobeh.
   747 | D        | Became a worshipper of Warmaster Okawaru
   816 | D        | Found a viscous altar of Jiyva.
   816 | D        | Found a corrupted altar of Lugonu.
   816 | D        | Noticed a slime creature
   817 | D        | Found a burning altar of Makhleb.
   817 | D        | Found a shimmering altar of Xom.
   830 | D        | Killed a slime creature
   830 | D        | Reached skill level 10 in Long Blades
   830 | D        | Gained mutation: You have a pair of horns on your head.
                  | [demonic ancestry]
   830 | D        | Reached XP level 7. HP: 18/58 MP: 7/7
  1054 | D        | Noticed a kobold demonologist
  1055 | D        | Noticed a kobold demonologist
  1057 | D        | Paralysed by a floating eye for 4 turns
  1063 | D        | Reached * piety under Okawaru
  1064 | D        | Noticed a chaos spawn
  1075 | D        | Noticed a soul eater
  1077 | D        | Slain by a chaos spawn

Skill      XL: |  1  2  3  4  5  6  7 |
---------------+----------------------+-----
Long Blades    | 4 6 8 10 | 10.6
Throwing       | 2 |  2.4
Dodging        | 4 5 7 8 |  8.6
Fighting       | 3 4 6 |  6.5
Armour         | 1 |  1.9
Stealth        | 1 |  1.2
Shields        | 2 3 |  3.0

Action                   |  1- 3 |  4- 6 |  7- 9 || total
-------------------------+-------+-------+-------++-------
Melee: Long sword        |    21 |    38 |    18 ||    77
       Headbutt          |     2 |    12 |     6 ||    20
Throw: Throwing net      |     4 |     1 |       ||     5
Armor: Leather armour    |     1 |     2 |     3 ||     6
Dodge: Dodged            |     7 |    16 |    19 ||    42
Block: Buckler           |       |     2 |     3 ||     5
       Rpst.: Long sword |     3 |     5 |     6 ||    14
